 Dungeon Crawl Stone Soup version 0.29.1-15-g9cfb28693d (webtiles) character file.

Game seed: 13442863202212270040

100 awry the Trooper (level 4, 17/30 HPs)
             Began as a Gargoyle Chaos Knight on Dec 18, 2023.
             Was a Follower of the Shining One.
             Quit the game on level 2 of the Dungeon.
             The game lasted 00:17:00 (1570 turns).

awry the Trooper (Gargoyle Chaos Knight)            Turns: 1570, Time: 00:17:01

Health: 17/30      AC:  8    Str: 18    XL:     4   Next: 73%
Magic:  4/4        EV: 11    Int: 12    God:    the Shining One [*.....]
Gold:   127        SH:  0    Dex:  9    Spells: 3/3 levels left

rFire   . . .      SeeInvis .   a - +0 mace (chaos)
rCold   . . .      Faith    .   (no shield)
rNeg    + . .      Spirit   .   b - +2 leather armour
rPois   ∞          Reflect  .   (no helmet)
rElec   +          Harm     .   (no cloak)
rCorr   .          Rampage  .   (no gloves)
Will    .....                   (no boots)
Stlth   +.........              (no amulet)
HPRegen 0.10/turn               (no ring)
MPRegen 0.09/turn               (no ring)

@: glowing
A: sickness immunity, AC +3, negative energy resistance 1, electricity
resistance, torment resistance 1, petrification resistance
a: Renounce Religion, Divine Shield


You were on level 2 of the Dungeon.
You worshipped the Shining One.
The Shining One was aware of your devotion.
You visited 1 branch of the dungeon, and saw 2 of its levels.

You collected 127 gold pieces.

Inventory:

Hand Weapons
 a - a +0 mace of chaos (weapon)
 g - a +0 dagger
 h - a +0 glaive
 i - a +0 dagger
 t - a +0 dagger
 v - a +0 dagger
Missiles
 r - 2 poisoned darts
Armour
 b - a +2 leather armour (worn)
 d - a +0 chain mail
 n - a +0 robe
Jewellery
 s - an amulet of guardian spirit
Scrolls
 e - 2 scrolls of fear {unknown}
 j - a scroll of blinking {unknown}
 l - a scroll of identify {unknown}
 m - a scroll of noise {unknown}
 p - a scroll of brand weapon {unknown}
 q - a scroll of immolation {unknown}
 u - 2 scrolls of enchant armour {unknown}
Potions
 f - 2 potions of might {unknown}
 k - a potion of cancellation {unknown}
 o - a potion of mutation {unknown}
Miscellaneous
 c - a piece from Xom's chessboard (14/15) (quivered)


   Skills:
 + Level 4.4 Fighting
 + Level 4.2 Maces & Flails
 + Level 2.3 Armour
 + Level 1.2 Dodging
 + Level 0.2 Stealth


You had 3 spell levels left.
You didn't know any spells.
Your spell library contained the following spells:

 Spells                   Type           Power      Damage    Failure   Level
 Magic Dart               Conj           0%         1d3       36%         1
 Call Imp                 Summ           0%         N/A       52%         2
 Mephitic Cloud           Conj/Pois/Air  0%         N/A       75%         3


Dungeon Overview and Level Annotations

Branches:
Dungeon (2/15)

Altars:
The Shining One


Innate Abilities, Weirdness & Mutations

You are immune to sickness and miasma.
Your stone body is resilient. (AC +3)
You are immune to poison.
You resist negative energy. (rN+)
You are resistant to electric shocks. (rElec)
You are resistant to unholy torment.
You are immune to petrification.


Message History

You hit the ball python.
The ball python seems to slow down.
You freeze the ball python.
You kill the ball python!
The ball python bites you but does no damage.
The ball python constricts you.
The ball python's grasp on you weakens, but your attempt to escape fails.
The ball python bites you. The ball python constricts you.
You escape the ball python's grasp.
The ball python closely misses you. The ball python misses you.
You see here an adder corpse.
You hit the ball python.
You kill the ball python!
You see here a ball python corpse.
There is a faded altar of an unknown god here.
You cannot tell which god this altar belongs to.
Convert to them anyway? [Y]es or [N]o only, please.
You cannot tell which god this altar belongs to.
Convert to them anyway?
Uppercase [Y]es or [N]o only, please.
You cannot tell which god this altar belongs to.
Convert to them anyway?
Uppercase [Y]es or [N]o only, please.
You cannot tell which god this altar belongs to.
Convert to them anyway?
Really abandon Xom for an unknown god?
The Shining One accepts your prayer!
You have lost your religion!
Xom does not appreciate desertion!
The Shining One welcomes you!
The Shining One warns you to remove your +0 mace of chaos.
You and your allies can now gain power from killing the unholy and evil.
You can now call upon the Shining One for a divine shield.
You offer a prayer to the Shining One.
Are you sure you want to abandon this character and quit the game? (Confirm with "yes".)
Okay, then.
You can't see anything.
Try to make a move anyway? [Y]es or [N]o only, please.
You can't see anything.
Try to make a move anyway?
You make a move on Xom's chessboard...
Nothing appears to happen.
Unknown command.
Unknown command.
Unknown command.
Are you sure you want to abandon this character and quit the game? (Confirm with "yes".)

##### ###...## ####
#(..#..# ##..#
#..###.# ##..##
##††#..#####
#.@..###...........
#.#...#...#.######.
####.....#### #.
##._.## ## #.....#
#...#...#
....###.... ..#..#
#..## . ##. .##


There were no monsters in sight!

Vanquished Creatures
  4 adders (D:2)
  A worm (D:2)
  10 endoplasms
  4 giant cockroaches
  A goblin (D:1)
  4 hobgoblins
  6 jackals
  2 kobolds (D:2)
  4 quokkas (D:1)
  5 ball pythons
  4 bats
  3 frilled lizards (D:1)
  6 rats
54 creatures vanquished.

Vanquished Creatures (others)
  A jackal zombie (D:1)
1 creature vanquished.

Grand Total: 55 creatures vanquished

Notes
Turn   | Place    | Note
-------+----------+-------------------------------------------
     0 | D:1      | awry the Gargoyle Chaos Knight began the quest for the Orb.
     0 | D:1      | Reached XP level 1. HP: 14/14 MP: 1/1
   104 | D:1      | Reached XP level 2. HP: 13/20 MP: 2/2
   156 | D:1      | XOM: smoke on damage
   414 | D:1      | XOM: potion effect (curing)
   549 | D:1      | Reached XP level 3. HP: 24/24 MP: 3/3
   587 | D:1      | XOM: silly message
  1261 | D:2      | Reached skill level 1 in Dodging
  1381 | D:2      | Reached XP level 4. HP: 24/29 MP: 4/4
  1443 | D:2      | XOM: silly message
  1542 | D:2      | Found a faded altar of an unknown god.
  1563 | D:2      | Prayed at the altar of an unknown god.
  1563 | D:2      | Fell from the grace of Xom
  1563 | D:2      | Became a worshipper of the Shining One
  1563 | D:2      | Reached * piety under the Shining One
  1570 | D:2      | Quit the game

Illustrated notes

Levels and vault maps discovered:
D:1:      dpeg_arrival_rhombi, layout_loops_corners
D:2:      layout_loops_ring, nicolae_ecumenical_snake_handling

Skill      XL: |  1  2  3  4 |
---------------+-------------+-----
Fighting       | 4 |  4.4
Dodging        | 1 |  1.2
Maces & Flails | 4 |  4.2
Armour         | |  2.3
Stealth        | |  0.2

Action                   |  1- 3 |  4- 6 || total
-------------------------+-------+-------++-------
Melee: Mace              |   109 |    47 ||   156
       Punch             |     1 |       ||     1
Evoke: Piece from Xom's  |       |     1 ||     1
Armor: Leather armour    |    78 |    42 ||   120
Dodge: Dodged            |    88 |    57 ||   145
